 Dungeon Sprint DCSS version 0.24-a0-244-ga6a6ab7 (webtiles) character file.

Game seed: 7491734236152969434

23 MikeHunt the Charlatan (level 2, 0/23 HPs)
             Began as a Draconian Artificer on Apr 11, 2019.
             Slain by a scorpion (7 damage)
             ... in the Dungeon (Sprint III: "The Ten Rune Challenge").
             The game lasted 00:00:46 (177 turns).

MikeHunt the Charlatan (Draconian Artificer)         Turns: 177, Time: 00:00:47

Health: 0/23       AC:  4    Str: 14    XL:     2   Next: 75%
Magic:  3/5        EV: 12    Int: 11    God:
Gold:   0          SH:  0    Dex: 11    Spells: 1/1 levels left

rFire    . . .     SeeInvis .     - Unarmed
rCold    . . .     Gourm    .   (no shield)
rNeg     . . .     Faith    .   (armour unavailable)
rPois    .         Spirit   .   (helmet restricted)
rElec    .         Reflect  .   (no cloak)
rCorr    .         Harm     .   (no gloves)
MR       .....     NoTele   +   (no boots)
Stlth    +.........             (no amulet)
HPRegen  0.07/turn              (no ring)
MPRegen  0.09/turn              (no ring)

@: no status effects
A: unfitting armour, cold-blooded, AC +4
a: no special abilities


You were in the Dungeon.
You were not hungry.

You visited 1 branch

Inventory:

Hand Weapons
 a - a +0 short sword
Wands
 b - a wand of flame (15)
 c - a wand of enslavement (15)
 d - a wand of random effects (9)
Scrolls
 k - a scroll of blinking
 l - a scroll of fear {unknown}
Potions
 e - a potion of curing
 g - a potion of heal wounds
 h - a potion of haste
 i - 2 potions of magic
 j - a potion of berserk rage
Comestibles
 f - 2 rations


   Skills:
 - Level 1.1 Fighting
 - Level 1.0 Short Blades
 - Level 1.7 Dodging
 - Level 0.8 Stealth
 + Level 3.7 Unarmed Combat
 + Level 5.0 Evocations


You had one spell level left.
You didn't know any spells.
Your spell library was empty.

Dungeon Overview and Level Annotations

Branches:
Dungeon (1/1)

Altars:

Annotations:
D Jessica


Innate Abilities, Weirdness & Mutations

Your plain brown scales are hard. (AC +4)
You cannot fit into any form of body armour.
You are cold-blooded and may be slowed by cold attacks.


Message History

Aiming: Random Effects
Press: ? - help, Shift-Dir - straight line, f - scorpion
Aim: a scorpion The scorpion resists with significant effort.
Evoke which item? (* to show all) (? for menu, Esc to quit)
Aiming: Random Effects
Press: ? - help, Shift-Dir - straight line, f/p - scorpion
Aim: a scorpion The fireball explodes!
The fireball engulfs the scorpion!
The scorpion is almost dead.
The fireball engulfs you!
Ouch! That really hurt!
The scorpion stings you.
You closely miss the scorpion.
The scorpion is almost dead.
The scorpion barely misses you.
You hit the scorpion but do no damage.
The scorpion is almost dead.
The scorpion stings you!
You die...

▓...#......##
▓..##.......# .#
▓##.##.##...# .#
##.##.###..# ..#
▓#.####.##..# ...+
▓.###..##..##
#...# ▓#.....##..#
#....#
###..##...##.....#
##..##....#@s....#
#..###..##.#.....#
#..# #..#####....#
▓▓▓▓ ▓▓▓▓ ▓▓▓▓▓


You could see a scorpion.

Vanquished Creatures
  A human (D)
  An ooze (D)
  A rat (D)
3 creatures vanquished.

Vanquished Creatures (others)
  A draconian scorcher (D)
  4 hellions (D)
  A yaktaur (D)
  6 plants (D)
12 creatures vanquished.

Grand Total: 15 creatures vanquished

Notes
Turn   | Place    | Note
-------+----------+-------------------------------------------
     0 | D        | MikeHunt the Draconian Artificer began the quest for the
                  | Orb.
     0 | D        | Reached XP level 1. HP: 16/16 MP: 3/3
    80 | D        | Killed a yaktaur
    90 | D        | Killed a hellion
    91 | D        | Killed a hellion
    92 | D        | Killed a hellion
   132 | D        | Killed a hellion
   141 | D        | Noticed Jessica
   172 | D        | Reached skill level 5 in Evocations
   172 | D        | Reached XP level 2. HP: 23/23 MP: 3/5
   173 | D        | Noticed a scorpion
   173 | D        | Killed a white draconian scorcher
   177 | D        | Slain by a scorpion

Levels and vault maps discovered:
D:        dungeon_sprint_mu [sprint_mu_entry_cave, sprint_mu_temple_rooms,
          sprint_mu_d1_horrors, sprint_mu_d2_genie, sprint_mu_d3_branching,
          sprint_mu_orc_legion, sprint_mu_elf_gauntlet, sprint_mu_hive_nellie,
          sprint_mu_lair_fedhas, sprint_mu_vaults_butterflies,
          sprint_mu_slime_circle, sprint_mu_swamp_cave, sprint_mu_shoals_archi,
          sprint_mu_blade_basic, sprint_mu_crypt_fortress,
          sprint_mu_tomb_spiral, sprint_mu_vestibule_basic,
          sprint_mu_gehenna_hellfire, sprint_mu_dis_giant,
          sprint_mu_tartarus_statrot, sprint_mu_cocytus_islands, sprint_mu_zot1]

Skill      XL: |  1 |
---------------+----+-----
Unarmed Combat | 3 |  3.7
Evocations     | 5 |  5.0
Fighting       | |  1.1
Short Blades   | |  1.0
Dodging        | |  1.7
Stealth        | |  0.8

Action                   || total
-------------------------++-------
Melee: Short sword       ||     8
       Unarmed           ||     7
       Tailslap          ||     4
Evoke: Wand              ||     6
 Stab: Sleeping          ||     1
Armor: Skin              ||     2
Dodge: Dodged            ||     5

Table legend:
 A = Non-vault XP
 B = Vault XP
 C = Vault XP percentage of total XP
 D = Non-vault monster count
 E = Vault monster count
 F = Vault count percentage of total count
                 A         B        C        D         E       F
            +---------+---------+-------+---------+---------+-------
      Total |       0 |      34 | 100.0 |       0 |       3 | 100.0
            +---------+---------+-------+---------+---------+-------
          D |       0 |      34 | 100.0 |       0 |       3 | 100.0
            +---------+---------+-------+---------+---------+-------
